[Event "Late-Titled-Tuesday-Blitz-December-26-2023"]
[Site "Chess.com"]
[Date "2023.12.26"]
[Round "9"]
[White "venturov"]
[Black "RebecaJimnz"]
[Result "1-0"]
[WhiteElo "2502"]
[BlackElo "2283"]
[TimeControl "180+1"]
[EndTime "15:43:08 PST"]
[Termination "venturov won by resignation"]

1. e4 c5 2. Nf3 Nc6 3. d4 cxd4 4. c3 Nf6 5. e5 Nd5 6. cxd4 d6 7. exd6 Qxd6 8. a3 g6 9. Be2 Bg7 10. O-O O-O 11. Nc3 Bg4 12. h3 Bxf3 13. Bxf3 Nb6 14. Nb5 Qd7 15. d5 Ne5 16. Nc3 Nxf3+ 17. Qxf3 Bxc3 18.
Qxc3 Nxd5 19. Qe5 Nf6 20. Bg5 Rfe8 21. Rad1 Qc6 22. Rfe1 Rad8 23. Rxd8 Rxd8 24. Qxe7 Re8 25. Qb4 Rxe1+ 26. Qxe1 Kg7 27. Qe5 Qe6 28. Qc3 h6 29. Be3 Kh7 30. Bxa7 Nd5 31. Qf3 Nf4 32. Qxf4 1-0

[Event "Late-Titled-Tuesday-Blitz-December-26-2023"]
[Site "Chess.com"]
[Date "2023.12.26"]
[Round "9"]
[White "karinachess1"]
[Black "carokannlover213"]
[Result "1-0"]
[WhiteElo "2576"]
[BlackElo "2676"]
[TimeControl "180+1"]
[EndTime "15:43:11 PST"]
[Termination "karinachess1 won on time"]

1. d4 Nf6 2. c4 e6 3. Nc3 Bb4 4. a3 Bxc3+ 5. bxc3 O-O 6. e3 c5 7. Bd3 Nc6 8. Ne2 b6 9. O-O Ne8 10. e4 d6 11. Be3 e5 12. d5 Na5 13. f4 Ba6 14. Qa4 f6 15. Ng3 Rf7 16. Rf2 Qd7 17.
Qc2 Bxc4 18. Raf1 Qb5 19. Bxc4 Nxc4 20. Bc1 Qd7 21. Nf5 Rb8 22. Qe2 Kh8 23. Qxc4 g6 24. Ne3 b5 25. Qd3 c4 26. Qe2 a5 27. Ng4 Qe7 28.
Nh6 Rf8 29. h4 Qg7 30. fxe5 dxe5 31. h5 Nd6 32. Ng4 gxh5 33. Nxf6 Qg6 34. Nd7 Rxf2 35.
Rxf2 Rd8 36. Nxe5 Qg7 37. Nc6 Re8 38. e5 h4 39. Qh5 Rf8 40. Bh6 Rxf2 41. Bxg7+ Kxg7 42. Kxf2 Ne4+ 43. Ke3 Ng3 44. Qg5+ Kf7 45. e6+ Kf8 46.
Qf6+ Kg8 47. Qf7+ 1-0

[Event "Late-Titled-Tuesday-Blitz-December-26-2023"]
[Site "Chess.com"]
[Date "2023.12.26"]
[Round "9"]
[White "FrenchHarvey"]
[Black "baag"]
[Result "0-1"]
[WhiteElo "2650"]
[BlackElo "2851"]
[TimeControl "180+1"]
[EndTime "15:43:15 PST"]
[Termination "baag won on time"]

1. d4 Nf6 2. Nf3 c5 3. e3 d5 4.
Bb5+ Bd7 5. Be2 Nc6 6. O-O Bg4 7. Nbd2 e6 8. b3 cxd4 9. exd4 Bd6 10. Bb2 O-O 11.
c4 dxc4 12. bxc4 Rc8 13. Rc1 Re8 14. Nb3 Bf4 15. Ra1 Na5 16. Nxa5 Qxa5 17. Qb3 Qh5 18. h3 Bxh3 19. Ne5 Qxe2 20. gxh3 Bxe5 21. dxe5 Ne4 22.
Rae1 Qxc4 23. Qxc4 Rxc4 24. Rc1 b5 25. Rfd1 Rec8 26. Rb1 h5 27. Rd7 a5 28. Bd4 Rc1+ 29.
Rxc1 Rxc1+ 30. Kg2 Rd1 31. Kf3 Nc3 32. a3 b4 33. axb4 axb4 34. Rd6 Nb5 35. Rd8+ Kh7 0-1

[Event "Late-Titled-Tuesday-Blitz-December-26-2023"]
[Site "Chess.com"]
[Date "2023.12.26"]
[Round "9"]
[White "NoHeThTo"]
[Black "prime-morty"]
[Result "0-1"]
[WhiteElo "2694"]
[BlackElo "2587"]
[TimeControl "180+1"]
[EndTime "15:43:15 PST"]
[Termination "prime-morty won by resignation"]

1. d4 d6 2. Nc3 g6 3. e4 Bg7 4. Nf3 a6 5. a4 Nc6 6. h3 e6 7. Be3 d5 8. e5 Nge7 9. g4 h6 10. Qd2 Na5 11. b3 b6 12. Ne2 Bb7 13. Bg2 Rc8 14. Ng3 c5 15. O-O cxd4 16. Bxd4 Nac6 17. Bb2 Qc7 18. Rfe1 O-O 19. h4 Rfd8 20. Bf1 d4 21. Bd3 Nxe5 22. Nxe5 Bxe5 23. Rxe5 Qxe5 24. Qxh6 Qh8 25.
Qg5 f6 26. Qf4 Qxh4 27. Re1 e5 28. Qd2 Qxg4 29. Qh6 Qf3 30. Kf1 Qg2+ 31. Ke2 Bf3+ 32. Kd2 Qxf2+ 33. Ne2 Qe3+ 34. Qxe3 dxe3+ 35. Kxe3 Bxe2 36. Rxe2 Nd5+ 37. Ke4 Nf4 38. Rf2 Nxd3 39. cxd3 Kf7 40. Bxe5 Rc6 41. d4 Re6 42. b4 Ke7 43. Rh2 fxe5 44.
Rh7+ Kd6 45. d5 Rf6 46. Rb7 Rf4+ 47. Ke3 Rxb4 48. Rg7 Kxd5 49. Rxg6 0-1

[Event "Late-Titled-Tuesday-Blitz-December-26-2023"]
[Site "Chess.com"]
[Date "2023.12.26"]
[Round "9"]
[White "IngOscarArdila"]
[Black "BeardedNM"]
[Result "1-0"]
[WhiteElo "2320"]
[BlackElo "2175"]
[TimeControl "180+1"]
[EndTime "15:43:15 PST"]
[Termination "IngOscarArdila won on time"]

1. d4 e6 2. c4 Nf6 3. Nc3 d5 4. Bg5 dxc4 5. e3 c5 6. Nf3 Nc6 7. dxc5 Qa5 8. Bxf6 gxf6 9. Bxc4 Qxc5 10. Qe2 Bd7 11.
O-O Rc8 12. Rac1 Qh5 13. Nb5 Rg8 14. Rfd1 Ne5 15. Nxe5 Qxe5 16. Nd4 Bd6 17. f4 Qe4 18. Bd3 Qd5 19. Rxc8+ Bxc8 20. Bxh7 Rg7 21. Nf5 Rxg2+ 22. Qxg2 Qxd1+ 23. Kf2 Qd2+ 24. Kf3 Qxg2+ 25. Kxg2 exf5 26. Kf3 Kf8 27. e4 fxe4+ 28. Bxe4 b6 29. h4 f5 30. Bc6 Be6 31. a3 Bb3 32. Bb5 Ke7 33. Kg3 Kf6 34. Be2 Bd5 35. Bd1 Bc5 36. Bc2 Bd4 37. b3 b5 38. a4 b4 39. Bd1 a5 40. Bc2 Bc3 41. Bd1 Be1+ 42. Kh3 Be4 43. Be2 Ke6 44. Bc4+ Bd5 45.
Bd3 Bxb3 46. h5 Bc3 47. h6 Bxa4 48. Kg3 1-0

[Event "Late-Titled-Tuesday-Blitz-December-26-2023"]
[Site "Chess.com"]
[Date "2023.12.26"]
[Round "9"]
[White "morte-negra"]
[Black "Gyulamiryan-koryun"]
[Result "1-0"]
[WhiteElo "2001"]
[BlackElo "1998"]
[TimeControl "180+1"]
[EndTime "15:43:17 PST"]
[Termination "morte-negra won on time"]

1. e4 e5 2. f4 exf4 3. Bc4 Qh4+ 4. Kf1 Nf6 5. Nf3 Qh5 6. Nc3 Nc6 7. e5 d5 8. Bxd5 Nxd5 9. Nxd5 Kd8 10. Nxf4 Qf5 11.
d4 Bd7 12. Be3 Qe4 13. Kf2 h6 14. h4 Be7 15. Qd2 Bg4 16. Rae1 Qf5 17. Nd5 Re8 18. a3 Bxf3 19. gxf3 Kc8 20. c4 Bd8 21. Nf4 g5 22. hxg5 hxg5 23. Nh5 g4 24. Ng7 Qxf3+ 25. Kg1 Rg8 26.
Nh5 g3 27. Qg2 Qxg2+ 28. Kxg2 Ne7 29. Nf6 Rf8 30. Bg5 1-0

[Event "Late-Titled-Tuesday-Blitz-December-26-2023"]
[Site "Chess.com"]
[Date "2023.12.26"]
[Round "9"]
[White "topce"]
[Black "cthake"]
[Result "1-0"]
[WhiteElo "2370"]
[BlackElo "1921"]
[TimeControl "180+1"]
[EndTime "15:43:19 PST"]
[Termination "topce won by resignation"]

1. c4 e5 2. Nc3 Nc6 3. Nf3 d6 4. d4 exd4 5. Nxd4 Nf6 6. e4 Be7 7. Be2 O-O 8. O-O Nxd4 9. Qxd4 Be6 10. b3 Ng4 11. Bb2 Bf6 12. Qd1 h5 13. h3 Ne5 14. Bxh5 g6 15. Be2 Kg7 16. f4 Nc6 17. Qd2 Qd7 18. f5 gxf5 19. exf5 Bxf5 20. Nd5 Bxb2 21. Qxb2+ Ne5 22. g4 Bg6 23. Nf6 Qc6 24. Rf4 Rh8 25. Kh2 a5 26. Raf1 a4 27. Nd5 Raf8 28.
Rf6 axb3 29. axb3 Qd7 30. R1f2 Kg8 31. Kg3 c6 32. Nf4 b5 33. Nxg6 Nxg6 34. Rxg6+ fxg6 35. Rxf8+ Kxf8 36. Qxh8+ Ke7 37. Qh7+ Kd8 38. Qxd7+ Kxd7 39. cxb5 c5 40. h4 1-0

[Event "Late-Titled-Tuesday-Blitz-December-26-2023"]
[Site "Chess.com"]
[Date "2023.12.26"]
[Round "9"]
[White "djano"]
[Black "Alexander_Khlebovich"]
[Result "0-1"]
[WhiteElo "2653"]
[BlackElo "2791"]
[TimeControl "180+1"]
[EndTime "15:43:20 PST"]
[Termination "Alexander_Khlebovich won on time"]

1. e4 c5 2. Nc3 Nc6 3. Bb5 Nd4 4. Nf3 a6 5. Bd3 g6 6. b4 cxb4 7. Nd5 Bg7 8. Rb1 e6 9. Ne3 Nxf3+ 10. Qxf3 Ne7 11. h4 h5 12. Rxb4 Nc6 13. Bb2 O-O 14. Bxg7 Kxg7 15. Rb1 Qf6 16. Qg3 b5 17. f4 d6 18. O-O Ra7 19. c3 Rc7 20. Bc2 Ne7 21. e5 dxe5 22. fxe5 Qxf1+ 23. Rxf1 b4 24. Qg5 bxc3 25.
dxc3 Nf5 26. Bxf5 exf5 27. Nxf5+ Bxf5 28. Rxf5 Re8 29. Rf3 Re6 30. Qf4 a5 31. c4 Rce7 32. Re3 Rc7 33. Qd4 Kh7 34. c5 Rec6 35. Rc3 Re6 36. a4 Rec6 37. Qd5 Kg7 38. Kf2 Kf8 39. Ke3 Ke7 40. Rd3 Kf8 41. Rc3 Ke7 0-1

[Event "Late-Titled-Tuesday-Blitz-December-26-2023"]
[Site "Chess.com"]
[Date "2023.12.26"]
[Round "9"]
[White "Sanyura"]
[Black "Marcin"]
[Result "0-1"]
[WhiteElo "2604"]
[BlackElo "2495"]
[TimeControl "180+1"]
[EndTime "15:43:25 PST"]
[Termination "Marcin won on time"]

1. e4 c5 2. Nf3 e6 3. d4 cxd4 4.
Nxd4 a6 5. Bd3 Nf6 6. O-O Qc7 7. Qe2 d6 8. c4 Nbd7 9. Nc3 g6 10. b3 Bg7 11. Bb2 O-O 12. Rad1 b6 13. Bb1 Bb7 14.
Nf3 Rad8 15. Rd2 Rfe8 16. Rfd1 d5 17. e5 Ng4 18. cxd5 Ndxe5 19. d6 Nxf3+ 20. Qxf3 Rxd6 21. Qxg4 Rxd2 22. Rxd2 Bxc3 23. Rc2 h5 24. Qe2 Rd8 25. Bxc3 Qc6 26. f3 Qc5+ 27. Kf1 a5 28. Bb2 Qg5 29.
Rc1 Rd2 30. h4 Rxe2 31. hxg5 Rxb2 32. Kg1 Bd5 0-1

[Event "Late-Titled-Tuesday-Blitz-December-26-2023"]
[Site "Chess.com"]
[Date "2023.12.26"]
[Round "9"]
[White "Rodalquilar"]
[Black "kikoveiga"]
[Result "1-0"]
[WhiteElo "2752"]
[BlackElo "2532"]
[TimeControl "180+1"]
[EndTime "15:43:27 PST"]
[Termination "Rodalquilar won on time"]

1. d4 Nf6 2. Nf3 e6 3. Bf4 c5 4. e3 Be7 5. h3 O-O 6. c3 b6 7. Nbd2 Bb7 8. Bd3 d6 9. O-O Nbd7 10. Bh2 a6 11. a4 Re8 12. Re1 Bf8 13. e4 e5 14. dxe5 Nxe5 15. Nxe5 dxe5 16. Qc2 Qc7 17. Nc4 Nh5 18. Qb3 Rad8 19. Bf1 Re6 20. Ne3 Nf4 21.
Bc4 Rg6 22. f3 Nxh3+ 23. Kf1 Nf4 24. Bxf4 exf4 25. Nd5 Bxd5 26. Bxd5 h5 27. Rad1 Re8 28. Qc4 h4 29. Qxa6 h3 30. gxh3 Qd7 31. Ke2 Rg2+ 32.
Kd3 Qxh3 33. Rf1 1-0

[Event "Late-Titled-Tuesday-Blitz-December-26-2023"]
[Site "Chess.com"]
[Date "2023.12.26"]
[Round "9"]
[White "nickmatta"]
[Black "HajiyevKanan"]
[Result "0-1"]
[WhiteElo "2515"]
[BlackElo "2637"]
[TimeControl "180+1"]
[EndTime "15:43:29 PST"]
[Termination "HajiyevKanan won by resignation"]

1. Nf3 Nf6 2. g3 d5 3. Bg2 g6 4. b3 Bg7 5. Bb2 O-O 6. O-O c5 7. d4 Ne4 8. Qc1 cxd4 9. Bxd4 Bxd4 10. Nxd4 Nc6 11. Nxc6 bxc6 12. c4 Qd6 13. Nc3 Nxc3 14.
Qxc3 a5 15. Rfd1 e6 16. e4 Bb7 17. Rac1 Qb4 18. cxd5 cxd5 19. exd5 exd5 20. Bxd5 Bxd5 21. Rxd5 Qxc3 22. Rxc3 a4 23. b4 a3 24. b5 Rfb8 25. Rb3 Rb6 26. h4 h5 27. Kg2 Ra4 28. Rc5 Ra5 29. Kf3 Kg7 30. Ke3 Kf6 31. Rc6+ Rxc6 32.
bxc6 Rc5 33. Rb6 Ke5 34. Kd3 Kd5 35. Ra6 Ke5 36. f4+ Kd5 37. Rb6 Kd6 38. Ra6 Kd5 39.
Rxa3 Rxc6 40. Ra7 Ke6 41. a4 f6 42. a5 Kf5 43. Rb7 Rc1 44. a6 Ra1 45. a7 Kg4 46.
Ke4 Kxg3 47. f5 Ra4+ 48. Kd5 gxf5 49. Ke6 f4 50. Kxf6 f3 51. Kg5 f2 52. Rf7 Rxa7 53. Rf8 Ra5+ 54. Kh6 Ra4 55. Kxh5 Rf4 56. Rg8+ Kf3 0-1

[Event "Late-Titled-Tuesday-Blitz-December-26-2023"]
[Site "Chess.com"]
[Date "2023.12.26"]
[Round "9"]
[White "youngdinousaur"]
[Black "hangemhigh"]
[Result "0-1"]
[WhiteElo "2304"]
[BlackElo "2472"]
[TimeControl "180+1"]
[EndTime "15:43:29 PST"]
[Termination "hangemhigh won on time"]

1. d4 d6 2. e4 Nf6 3. Nc3 Nbd7 4. Nf3 e5 5. Bc4 Be7 6. O-O O-O 7. h3 a6 8. a4 b6 9. Qe2 Bb7 10. Rd1 exd4 11. Nxd4 Re8 12. Nf5 Bf8 13. Bd3 d5 14. Bg5 Qc8 15. f3 dxe4 16. fxe4 Nxe4 17. Nxe4 Bxe4 18. Bxe4 Nc5 19. Ng3 Nxe4 20. Nxe4 Qf5 21. Qf3 Qxe4 22. Qxe4 Rxe4 23. Rd7 f6 24. Bd2 Bc5+ 25.
Kh2 Re2 26. Re1 Rae8 27. Rxe2 Rxe2 28. Bf4 Rxc2 29. b3 c6 30. Rc7 Bd4 31. b4 h5 32.
b5 axb5 33. axb5 c5 34. Rc6 c4 35. Bc7 c3 36. Bxb6 Be5+ 37. Kg1 Rb2 0-1

[Event "Late-Titled-Tuesday-Blitz-December-26-2023"]
[Site "Chess.com"]
[Date "2023.12.26"]
[Round "9"]
[White "rdarruda"]
[Black "ChessLebaneseSalah"]
[Result "1-0"]
[WhiteElo "2513"]
[BlackElo "2426"]
[TimeControl "180+1"]
[EndTime "15:43:31 PST"]
[Termination "rdarruda won by resignation"]

1. Nf3 d5 2. b3 Bf5 3. Bb2 e6 4. e3 h6 5. Be2 Nf6 6. O-O Be7 7.
d3 O-O 8. Nbd2 a5 9. a3 c5 10. c4 Nc6 11. Qc2 dxc4 12. Nxc4 b5 13. Nce5 Nxe5 14.
Nxe5 Rc8 15. Rac1 Bd6 16. Rfd1 Bxe5 17. Bxe5 c4 18. bxc4 bxc4 19. Bxf6 Qxf6 20. e4 cxd3 21. Qxd3 Rxc1 22. Rxc1 Rd8 23. Qc2 Bg6 24. f3 Qd4+ 25. Kf1 Qe3 26. Qc3 Qb6 27. Qc7 Qxc7 28. Rxc7 Ra8 29.
a4 Kf8 30. Bb5 f5 31. e5 Bf7 32. f4 g5 33. g3 gxf4 34. gxf4 Kg7 35. Bc4 Kg6 36.
Rc6 Kh5 37. Kf2 Kg4 38. Ke3 Rb8 39. Rc7 Bg8 40. Rg7+ Kh3 41. Rg6 Kxh2 42. Rxh6+ Kg3 43.
Rg6+ Kh3 44. Bxe6 Bxe6 45. Rxe6 Rb3+ 46. Kd4 Rb4+ 47. Kd5 Rxf4 48. Rh6+ Kg4 49. e6 Rxa4 50. e7 Re4 51. Re6 Rxe6 52. Kxe6 f4 53. e8=Q f3 54. Qf7 Kg3 55. Qg6+ Kh2 56. Qh5+ Kg2 57. Qg4+ Kf2 58. Ke5 Ke2 59. Ke4 Kd2 60. Qxf3 1-0

[Event "Late-Titled-Tuesday-Blitz-December-26-2023"]
[Site "Chess.com"]
[Date "2023.12.26"]
[Round "9"]
[White "monalize"]
[Black "Ajedrez_con_German"]
[Result "1-0"]
[WhiteElo "2528"]
[BlackElo "2571"]
[TimeControl "180+1"]
[EndTime "15:43:32 PST"]
[Termination "monalize won by resignation"]

1. e4 e6 2. d4 d5 3. Nd2 dxe4 4. Nxe4 Nd7 5. Bf4 Ngf6 6. Bd3 Nxe4 7. Bxe4 Nf6 8. Bf3 Bd6 9. Qd2 Bxf4 10. Qxf4 Qd6 11. Qd2 O-O 12. O-O-O c5 13. Ne2 Bd7 14. Qg5 h6 15.
Qxc5 Qxc5 16. dxc5 Rac8 17. Bxb7 Rxc5 18. Bf3 Rfc8 19.
c3 a5 20. Nf4 a4 21. a3 Bb5 22. Rhe1 g5 23. Nd3 Bxd3 24. Rxd3 Rb8 25. Rd4 Ra5 26. Bd1 Rba8 27. h4 gxh4 28. Rxh4 Kg7 29. Re3 Nd5 30.
Rg3+ Kh7 31. Bc2+ f5 32. Rd3 Nf6 33. Rd6 R8a6 34. Rxa6 Rxa6 35. Rxa4 Rc6 36. f3 h5 37.
Rd4 Kg6 38. Kd2 Kg5 39. a4 e5 40. Rd8 e4 41. fxe4 fxe4 42. Ke3 Re6 43. a5 Ng4+ 44. Ke2 e3 45. Bd3 Rf6 46. Rg8+ Kh4 47. a6 Rf2+ 48. Ke1 Rxb2 49. a7 Nf2 50. Ba6 Rb1+ 51.
Ke2 Nd1 52. a8=Q Rb2+ 53. Ke1 1-0

[Event "Late-Titled-Tuesday-Blitz-December-26-2023"]
[Site "Chess.com"]
[Date "2023.12.26"]
[Round "9"]
[White "ahkashefi2800"]
[Black "kasparicy"]
[Result "1-0"]
[WhiteElo "2621"]
[BlackElo "2481"]
[TimeControl "180+1"]
[EndTime "15:43:34 PST"]
[Termination "ahkashefi2800 won by resignation"]

1. d4 Nf6 2. c4 g6 3. Nc3 d5 4. cxd5 Nxd5 5. Bd2 Bg7 6. e3 O-O 7. Nf3 c5 8. Bc4 Nb6 9. Bb3 cxd4 10. exd4 Nc6 11. Be3 Na5 12. O-O Nxb3 13. Qxb3 Be6 14.
Qb4 a5 15. Qc5 Nc4 16. d5 Rc8 17. Qb5 Bd7 18. Qxb7 Rb8 19. Qa6 Nxe3 20. fxe3 Rxb2 21. Nd4 Qc7 22. Rac1 Qe5 23. Rf3 Bh6 24. Qd3 Rc8 25.
Rcf1 f5 26. a4 Bg7 27. Ncb5 Bxb5 28. Nxb5 Rcc2 29. R3f2 Rxf2 30. Rxf2 Rxf2 31. Kxf2 Qb2+ 32. Kf3 Qb4 33. d6 exd6 34. Qd5+ Kh8 35. Qa8+ 1-0

[Event "Late-Titled-Tuesday-Blitz-December-26-2023"]
[Site "Chess.com"]
[Date "2023.12.26"]
[Round "9"]
[White "mariofs"]
[Black "Rafael_Ventura"]
[Result "1-0"]
[WhiteElo "2216"]
[BlackElo "2359"]
[TimeControl "180+1"]
[EndTime "15:43:35 PST"]
[Termination "mariofs won by checkmate"]

1. d4 Nf6 2. Bf4 g6 3. Nc3 d5 4. e3 Bg7 5. h4 h6 6. Nf3 a6 7.
Ne5 b5 8. Be2 Bb7 9. f3 Nbd7 10.
Qd2 Rc8 11. g4 c5 12. Kf2 cxd4 13. exd4 e6 14. Bd3 Qb6 15. Bg3 Qxd4+ 16. Kg2 Qb6 17.
Rae1 O-O 18. g5 Nh5 19. Nxd7 Qc6 20. Nxf8 Bxf8 21. Be5 Bd6 22. f4 Bxe5 23. fxe5 d4+ 24.
Ne4 Qc7 25. Kg1 Kh8 26. Nf6 Nxf6 27. gxf6 Kh7 28. Rh2 Qc6 29. Qf2 Qc5 30. h5 Qd5 31. hxg6+ fxg6 32. Qf4 h5 33. Rxh5+ Kg8 34. Rh2 Qf3 35.
Qxf3 Bxf3 36. Kf2 Bg4 37. Rg1 Bf5 38. Bxf5 exf5 39. Kg3 Kf7 40. Kf4 Rc4 41. Rh7+ Ke6 42. Re7+ Kd5 43. f7 d3+ 44. Kg5 Rg4+ 45. Rxg4 fxg4 46.
f8=Q dxc2 47. Qd8+ Ke4 48. Rc7 g3 49. Rxc2 Kf3 50.
Qd3# 1-0

[Event "Late-Titled-Tuesday-Blitz-December-26-2023"]
[Site "Chess.com"]
[Date "2023.12.26"]
[Round "9"]
[White "grandemestregringo"]
[Black "Anar_Aliakbarov"]
[Result "1-0"]
[WhiteElo "2671"]
[BlackElo "2532"]
[TimeControl "180+1"]
[EndTime "15:43:37 PST"]
[Termination "grandemestregringo won by resignation"]

1. f4 d5 2. Nf3 c5 3. e3 g6 4. c3 Bg7 5. d4 Nc6 6. dxc5 a5 7. Nbd2 Nf6 8. Bd3 Bf5 9. Bb5 O-O 10. Nd4 Bd7 11. Qe2 Re8 12. N2f3 Ne4 13. O-O Nxc5 14. c4 Nxd4 15. exd4 Bxb5 16. cxb5 Ne4 17. Be3 Rc8 18. Rac1 Qb6 19. a4 Nd6 20. Ne5 Nf5 21.
Bf2 Nd6 22. Nd7 Qd8 23. Rxc8 Qxc8 24. Nb6 Qf5 25. g4 Qe4 26. Qxe4 Nxe4 27. Nxd5 Nxf2 28. Kxf2 Bxd4+ 29. Kf3 Bxb2 30. Rd1 Kf8 31. Nb6 Ba3 32. Rd7 Rb8 33. Rd3 Ke8 34. Rxa3 e6 35. Rd3 Ke7 36.
g5 Ke8 37. Ke4 Ke7 38. Ke5 Ke8 39. Rd7 1-0

[Event "Late-Titled-Tuesday-Blitz-December-26-2023"]
[Site "Chess.com"]
[Date "2023.12.26"]
[Round "9"]
[White "katharinareinecke"]
[Black "Smile2005"]
[Result "0-1"]
[WhiteElo "2013"]
[BlackElo "2336"]
[TimeControl "180+1"]
[EndTime "15:43:37 PST"]
[Termination "Smile2005 won by resignation"]

1. e4 g6 2. d4 Bg7 3. g3 d6 4. Bg2 Nd7 5. c4 e5 6. Ne2 Ne7 7. O-O O-O 8. Nbc3 f5 9. Bg5 c6 10. exf5 Rxf5 11. h4 h6 12. Bxe7 Qxe7 13. Bh3 Rf8 14.
Ne4 exd4 15. Bg2 d5 16. cxd5 cxd5 17. Nd2 Nb6 18. Nb3 Bg4 19. Re1 Rae8 20. Nbxd4 Bxd4 21. Qxd4 Bxe2 22. Bf1 Qf6 23. Qxf6 Rxf6 24. Rxe2 Rxe2 25. Bxe2 d4 26. Rd1 Rd6 27. b3 Kg7 28. Bf3 d3 29. Bxb7 Nd7 30. Bf3 Ne5 31. Bg2 a5 32. Kf1 Rd4 33. Ke1 a4 34. Kd2 axb3 35. axb3 Rd6 36. Ra1 Rb6 37. Ra7+ Kf6 38. Ra3 g5 39. Be4 gxh4 40.
gxh4 Rb4 41. Bxd3 Rd4 42. Ra6+ Ke7 43. Ra7+ Kd8 44. Ra8+ Kc7 45. Ra5 Nxd3 46. Kc3 Rd6 47. Rc5+ Nxc5 48. Kc4 Ne4 49. b4 Nxf2 50. b5 0-1

[Event "Late-Titled-Tuesday-Blitz-December-26-2023"]
[Site "Chess.com"]
[Date "2023.12.26"]
[Round "9"]
[White "almaguerjm"]
[Black "ozates"]
[Result "1/2-1/2"]
[WhiteElo "2491"]
[BlackElo "2608"]
[TimeControl "180+1"]
[EndTime "15:43:39 PST"]
[Termination "Game drawn by repetition"]

1. e4 c5 2. Nf3 Nc6 3. d4 cxd4 4.
Nxd4 e5 5. Nb5 d6 6. c4 g6 7. Be3 a6 8. N5c3 Bg7 9. h4 h6 10. h5 g5 11. Be2 Nge7 12. Nd5 Nxd5 13. cxd5 Nd4 14. Nc3 O-O 15. g4 Bd7 16. f3 b5 17.
a3 Qb6 18. Kf2 a5 19. a4 bxa4 20. Nxa4 Bxa4 21. Rxa4 Qxb2 22. Qd2 Rfb8 23. Rha1 Bf6 24. Rxa5 Qxa1 25. Rxa1 Rxa1 26. Bxd4 exd4 27. f4 Rab1 28.
fxg5 hxg5 29. e5 R8b2 30. Qxd4 Bxe5 31. Qe4 Rd1 32. Qf5 Rdd2 33. Qxg5+ Bg7 34. h6 Rxe2+ 35.
Kf1 Rf2+ 36. Ke1 Rbe2+ 37. Kd1 Rd2+ 38. Kc1 Rc2+ 39. Kd1 Rfd2+ 40. Ke1 Re2+ 41. Kf1 Rf2+ 42. Ke1 Rfe2+ 43. Kd1 Red2+ 44. Ke1 Re2+ 1/2-1/2

[Event "Late-Titled-Tuesday-Blitz-December-26-2023"]
[Site "Chess.com"]
[Date "2023.12.26"]
[Round "9"]
[White "sofaceindisguise"]
[Black "Genghis_K"]
[Result "0-1"]
[WhiteElo "2732"]
[BlackElo "2888"]
[TimeControl "180+1"]
[EndTime "15:43:40 PST"]
[Termination "Genghis_K won by resignation"]

1. c4 Nf6 2. g3 e5 3. Bg2 c6 4. d4 e4 5. Nc3 d5 6. cxd5 cxd5 7. Bg5 Nbd7 8. Nh3 h6 9. Bxf6 Nxf6 10. Qa4+ Bd7 11.
Qb3 Bc6 12. f3 exf3 13. Bxf3 Qd7 14. Nf4 Rd8 15. O-O Be7 16. Nd3 O-O 17. Rac1 Qe6 18. Ne5 Bd6 19. Nxc6 bxc6 20. Na4 Rb8 21. Qd3 Rfc8 22.
Rc2 h5 23. b3 h4 24. Kg2 hxg3 25. hxg3 Ne4 26. Bxe4 dxe4 27. Qe3 Rb5 28. Nc5 Qg6 29. Nxe4 Rh5 30. Rf3 Qh7 31. Kf2 Rh1 32. Qd3 Re8 33. Rxc6 Qh2+ 34. Ke3 Qh6+ 35. Kf2 Bxg3+ 36. Rxg3 Qxc6 37.
Qf3 Qxe4 38. Qxe4 Rxe4 39. Rd3 Rh2+ 40. Kf3 Rhxe2 41. d5 Re8 42. d6 R2e6 43. d7 Rd8 44. Re3 Rxe3+ 45. Kxe3 Rxd7 0-1

[Event "Late-Titled-Tuesday-Blitz-December-26-2023"]
[Site "Chess.com"]
[Date "2023.12.26"]
[Round "9"]
[White "Viktor_Poddubnyi"]
[Black "ShahMatKanal"]
[Result "0-1"]
[WhiteElo "2293"]
[BlackElo "2501"]
[TimeControl "180+1"]
[EndTime "15:43:40 PST"]
[Termination "ShahMatKanal won on time"]

1. e4 e6 2. d4 d5 3. Nd2 c5 4.
exd5 exd5 5. Bb5+ Nc6 6. Qe2+ Be6 7. Ngf3 Nf6 8. O-O Bd6 9. dxc5 Bxc5 10. Nb3 Bb6 11.
Nbd4 O-O 12. Nxe6 fxe6 13. Bxc6 bxc6 14. Qxe6+ Kh8 15. Qxc6 Rc8 16. Qa4 Rc4 17. Qb3 Ng4 18.
Bg5 Qc7 19. g3 Rxc2 20. Rac1 Rxf2 21. Rxf2 Bxf2+ 22. Kg2 Qf7 23. Nd2 Qh5 24. h4 h6 25.
Bf4 Bb6 26. Nf3 Rxf4 27. gxf4 Ne3+ 28. Kf2 Nc4+ 29. Ke2 Qg4 30. Rxc4 Qg2+ 31. Ke1 dxc4 32. Qa3 Qf2+ 33. Kd1 Kh7 34. Ne1 Be3 35. Qc3 Qxf4 0-1

[Event "Late-Titled-Tuesday-Blitz-December-26-2023"]
[Site "Chess.com"]
[Date "2023.12.26"]
[Round "9"]
[White "SnekkerAndersen"]
[Black "IMRosen"]
[Result "1-0"]
[WhiteElo "2578"]
[BlackElo "2680"]
[TimeControl "180+1"]
[EndTime "15:43:41 PST"]
[Termination "SnekkerAndersen won on time"]

1. a3 d5 2. h3 Bf5 3. d3 Nc6 4.
e3 e5 5. Nc3 Bg6 6. Bd2 Nf6 7.
Nf3 a6 8. Be2 Bc5 9. O-O O-O 10.
Nh4 d4 11. Na4 Ba7 12. Nxg6 hxg6 13. b4 dxe3 14. Bxe3 Bxe3 15. fxe3 Nd5 16. Qd2 Qg5 17. Bf3 Qxe3+ 18. Qxe3 Nxe3 19. Bxc6 Nxf1 20. Bxb7 Ra7 21. Bc6 Ne3 22. c3 Rd8 23. Nc5 Rd6 24. Bf3 f5 25. Re1 f4 26. a4 a5 27. b5 g5 28.
Be4 Kf7 29. Kf2 g4 30. Ke2 gxh3 31. gxh3 Rh6 32. Rh1 g5 33. Bf3 Nf5 34. Rh2 Ne7 35. c4 Rb6 36. Kd2 c6 37. Kc3 cxb5 38. axb5 a4 39. Ra2 a3 40. Kb4 Rh6 41. Bg4 Rb6 42.
Ne4 Nc6+ 43. Kc5 1-0

[Event "Late-Titled-Tuesday-Blitz-December-26-2023"]
[Site "Chess.com"]
[Date "2023.12.26"]
[Round "9"]
[White "ilushka"]
[Black "Aguiar94"]
[Result "1-0"]
[WhiteElo "2457"]
[BlackElo "2548"]
[TimeControl "180+1"]
[EndTime "15:43:42 PST"]
[Termination "ilushka won on time"]

1. e4 c5 2. Nf3 e6 3. c4 Nc6 4.
Nc3 Nd4 5. d3 Ne7 6. Nxd4 cxd4 7.
Ne2 Nc6 8. f4 g6 9. g3 Bg7 10.
Bg2 f5 11. e5 d6 12. exd6 O-O 13. O-O Qxd6 14. a3 a5 15. Qa4 Bd7 16. Qb5 Nb4 17. Qxb7 Rab8 18. Qa7 Nxd3 19. Qxa5 Rfc8 20. Qd2 Nc5 21. Rb1 Nb3 22. Qd1 Rxc4 23. Rf3 Bc6 24. Rxb3 Rxb3 25. Qxb3 Bxg2 26. Qxc4 Bd5 27. Qc8+ Kf7 28.
Bd2 d3 29. Rc1 Qb6+ 30. Qc5 Qxc5+ 31. Rxc5 dxe2 32. Rc7+ Kg8 33. Kf2 Bxb2 34. Bb4 Bd4+ 35. Kxe2 Bg1 36. Rc2 Be4 37. Ra2 Bd5 38. Ra1 Bd4 39.
Rd1 Bb6 40. a4 1-0

[Event "Late-Titled-Tuesday-Blitz-December-26-2023"]
[Site "Chess.com"]
[Date "2023.12.26"]
[Round "9"]
[White "Dedic8"]
[Black "Maitreia"]
[Result "1-0"]
[WhiteElo "2854"]
[BlackElo "2721"]
[TimeControl "180+1"]
[EndTime "15:43:43 PST"]
[Termination "Dedic8 won on time"]

1. d4 Nf6 2. c4 g6 3. Nc3 Bg7 4. e4 O-O 5. Be3 d6 6. h3 c5 7. Nf3 cxd4 8. Nxd4 Nc6 9. Be2 Nxd4 10. Bxd4 Qa5 11.
O-O a6 12. a3 Be6 13. b4 Qd8 14. Qd3 Rc8 15. Nd5 Nxd5 16. exd5 Bf5 17. Qe3 e5 18. dxe6 Bxe6 19. Rac1 Re8 20. Bxg7 Kxg7 21. Bf3 Qf6 22. Qd3 Bf5 23. Qd2 Be4 24. Bxe4 Rxe4 25. Qd5 Qe7 26. Rfd1 b6 27. Kh2 Re2 28. Qxd6 Qxd6+ 29. Rxd6 b5 30. c5 Rxf2 31. Rxa6 Re8 32. Rb6 Ree2 33. Rg1 Ra2 34. Rxb5 Rxa3 35. c6 Rc2 36.
Rb6 h5 37. b5 Raa2 38. Rb7 g5 39. c7 g4 40. b6 gxh3 41. Rb8 Rxg2+ 42. Rxg2+ Rxg2+ 43. Kxh3 1-0